Map: Selva profunda EE

Players

cummingforu - Winner!

  • Race: Zerg Zerg
  • League: Gold
  • Spawn Location: 7:00

SteamedBuns - Winner!

  • Race: Protoss Protoss
  • Spawn Location: 7:00

KoooT - Winner!

  • Race: Terran Terran
  • Spawn Location: 7:00

TATORREA

  • Race: Protoss Protoss
  • League: Gold
  • Spawn Location: 1:00

MrFercho

  • Race: Zerg Zerg
  • League: Silver
  • Spawn Location: 3:00

tigro

  • Race: Terran Terran
  • League: Bronze
  • Spawn Location: 1:00

VOD

Have the link to the VOD?

Description

Time

  • Played on: July 1, 2020, 11:09 p.m.
  • Length: 16:58
Show
View Real Time Build Order
Export as new Build Order

cummingforu Zerg - Winner!

Build Orders: Hatch First, Lurkers 

Get SALT Encoding   

  12  0:01  Drone  
  13  0:12  Overlord  
  13  0:17  Drone  
  14  0:30  Drone  
  14  0:31  Drone  
  16  0:50  Hatchery  
  16  0:54  Drone  
  17  0:57  Drone  
  17  1:00  Drone  
  18  1:15  Spawning Pool  
  18  1:18  Extractor  
  16  1:20  Drone  
  16  1:25  Drone  
  18  1:30  Drone  
  19  1:40  Drone  
  20  1:49  Overlord  
  20  2:01  Queen  
  20  2:02  Queen  
  20  2:04  Drone  
  20  2:06  Zergling x2  
  26  2:13  Drone  
  27  2:16  Drone  
  27  2:22  Drone  
  29  2:25  Drone  
  30  2:34  Drone  
  32  2:37  Drone, Extractor  
  32  2:39  Extractor  
  32  2:43  Zergling x2  
  31  2:48  Overlord  
  31  2:51  Queen  
  31  2:55  Zergling x2  
  34  2:59  Zergling x2  
  34  3:05  Lair  
  35  3:07  Drone x2  
  37  3:16  Zergling x4  
  37  3:17  Zergling x6  
  42  3:22  Drone  
  42  3:23  Drone  
  44  3:29  Overlord  
  44  3:39  Overlord  
  44  3:46  Overlord  
  44  3:50  Drone x2  
  46  3:56  Drone x3  
  46  4:02  Metabolic Boost  
  49  4:07  Drone x4  
  49  4:08  Hydralisk Den  
  52  4:23  Drone  
  53  4:24  Drone  
  53  4:25  Hatchery  
  53  4:31  Drone x3  
  56  4:35  Evolution Chamber  
  55  4:44  Drone x2  
  55  4:45  Overlord  
  57  4:50  Drone  
  57  4:51  Drone x2  
  60  4:56  Evolution Chamber, Drone x2  
  61  5:00  Drone x2  
  61  5:03  Zerg Missile Weapons Level 1  
  61  5:04  Drone  
  64  5:07  Drone x2  
  64  5:12  Drone x2  
  68  5:19  Extractor  
  68  5:20  Extractor  
  66  5:29  Overlord, Drone x4  
  66  5:32  Zerg Ground Armor Level 1  
  66  5:33  Drone, Extractor  
  70  5:38  Drone  
  70  5:39  Infestation Pit  
  70  5:44  Drone x2  
  72  5:53  Drone x2  
  72  5:54  Drone x3  
  76  6:03  Drone x3  
  79  6:19  Drone x3  
  79  6:22  Spore Crawler  
  79  6:23  Spine Crawler  
  80  6:25  Spine Crawler  
  80  6:27  Hatchery, Spore Crawler  
  80  6:29  Grooved Spines  
  80  6:30  Spine Crawler  
  76  6:40  Overlord  
  76  6:41  Overlord x3  
  76  6:49  Drone x4  
  76  6:50  Overlord x2  
  80  6:56  Drone x3  
  80  6:58  Lurker Den  
  80  7:00  Drone  
  83  7:02  Drone x3, Extractor  
  83  7:03  Extractor  
  83  7:07  Drone x2  
  86  7:10  Hive  
  86  7:12  Drone x2  
  86  7:14  Queen  
  90  7:15  Drone  
  90  7:16  Drone  
  92  7:25  Drone x3  
  95  7:40  Muscular Augments  
  95  7:50  Hydralisk x13  
  121  8:05  Zerg Ground Armor Level 2, Zerg Missile Weapons Level 2  
  121  8:16  Hydralisk x11  
  121  8:19  Overlord x2  
  143  8:30  Hatchery  
  143  8:32  Spore Crawler  
  143  8:33  Drone  
  143  8:34  Spine Crawler, Drone  
  143  8:35  Spine Crawler  
  143  8:39  Drone  
  142  8:41  Spine Crawler  
  142  8:42  Spine Crawler, Overseer  
  142  8:44  Hydralisk x3  
  146  8:58  Overlord  
  146  8:59  Overlord x3  
  146  9:00  Overlord  
  146  9:02  Seismic Spines  
  146  9:06  Spore Crawler, Drone x2  
  146  9:07  Spine Crawler  
  146  9:08  Drone x2  
  148  9:17  Hydralisk x3  
  148  9:18  Hydralisk x2  
  158  9:36  Drone x3  
  159  9:44  Hydralisk x6  
  159  9:45  Hydralisk x5  
  170  9:46  Hydralisk  
  159  9:54  Drone x5  
  159  9:59  Adaptive Talons  
  163  10:03  Hydralisk  
  163  10:04  Hydralisk x5  
  163  10:05  Hydralisk  
  176  10:16  Hydralisk x4  
  176  10:17  Hydralisk x3  
  186  10:26  Drone x2  
  186  10:28  Spore Crawler, Extractor  
  186  10:29  Spine Crawler, Drone, Extractor  
  186  10:30  Drone x3  
  186  10:37  Zerg Ground Armor Level 3, Zerg Missile Weapons Level 3  
  186  10:44  Spine Crawler  
  186  10:46  Spore Crawler, Drone x3  
  187  10:50  Spine Crawler, Spore Crawler, Drone x3  
  187  10:52  Spine Crawler  
  187  10:53  Drone x3  
  187  10:54  Hydralisk  
  187  10:56  Hydralisk  
  194  11:00  Hydralisk x2  
  194  11:04  Hydralisk  
  200  11:36  Spore Crawler  
  199  11:46  Drone  
  200  11:57  Pneumatized Carapace  
  198  12:24  Hydralisk x3  
  198  12:29  Hydralisk  
  196  12:30  Hydralisk  
  154  12:53  Hydralisk x3  
  154  12:54  Hydralisk x21  
  200  13:12  Spine Crawler  
  199  13:19  Spine Crawler x2  
  197  13:20  Lurker  
  197  13:21  Spine Crawler x2, Lurker  
  197  13:24  Lurker  
  197  13:25  Lurker  
  197  13:26  Hatchery  
  198  13:28  Lurker  
  198  13:31  Drone  
  200  13:47  Spore Crawler  
  199  13:54  Overlord x2  
  199  13:55  Overlord  
  199  13:58  Lurker, Extractor x2  
  199  14:01  Lurker  
  199  14:02  Lurker  
  200  14:19  Zerg Melee Weapons Level 1  
  200  14:21  Adrenal Glands  
  200  14:31  Overseer x2  
  192  15:02  Hydralisk x4  
  200  15:18  Spine Crawler  
  185  15:43  Hydralisk  
  185  15:44  Hydralisk x8  
  199  16:00  Drone  
  200  16:21  Hydralisk x4  
  200  16:22  Hydralisk  
Show
View Real Time Build Order
Export as new Build Order

SteamedBuns Protoss - Winner!

Build Orders: Oracle Opening, Carriers, Carrier Rush 

Get SALT Encoding   

  12  0:02  Probe  
  13  0:15  Pylon  
  13  0:23  Assimilator  
  13  0:24  Probe  
  14  0:38  Gateway  
  14  0:42  Probe  
  15  0:54  Probe  
  16  0:58  Pylon  
  16  1:04  Probe  
  17  1:12  Probe  
  18  1:20  Probe  
  18  1:22  Assimilator  
  19  1:28  Cybernetics Core  
  19  1:49  Probe  
  20  2:00  Pylon  
  20  2:01  Probe  
  21  2:17  Stargate  
  21  2:52  Protoss Air Weapons Level 1, Forge  
  21  3:00  Nexus  
  21  3:04  Pylon  
  21  3:07  Pylon  
  21  3:16  Oracle  
  24  3:35  Fleet Beacon  
  24  3:37  Probe  
  25  4:06  Assimilator  
  25  4:09  Probe  
  25  4:14  Carrier  
  26  4:17  Probe  
  27  4:26  Probe  
  34  4:39  Probe  
  35  4:50  Probe  
  36  4:58  Probe  
  36  5:05  Protoss Air Armor Level 1  
  36  5:06  Probe  
  38  5:17  Probe  
  39  5:29  Probe  
  40  5:56  Probe  
  41  6:04  Carrier  
  41  6:08  Probe  
  48  6:16  Pylon  
  48  6:18  Probe  
  48  6:23  Twilight Council  
  49  6:26  Probe  
  49  6:30  Pylon  
  50  6:33  Pylon  
  50  6:34  Probe  
  51  6:43  Nexus  
  51  6:44  Photon Cannon  
  51  6:46  Probe, Pylon, Photon Cannon  
  52  6:48  Pylon  
  52  6:52  Pylon  
  52  6:56  Probe  
  52  6:58  Probe  
  54  7:07  Assimilator  
  54  7:08  Carrier  
  54  7:10  Probe  
  61  7:23  Probe  
  61  7:28  Stargate  
  62  7:40  Probe  
  63  7:52  Probe  
  63  7:57  Photon Cannon  
  64  7:58  Photon Cannon  
  64  8:00  Photon Cannon  
  64  8:02  Shield Battery  
  64  8:03  Probe  
  64  8:04  Probe, Shield Battery  
  64  8:05  Pylon x2  
  65  8:11  Probe  
  66  8:13  Carrier  
  66  8:16  Probe  
  74  8:21  Probe  
  75  8:33  Probe  
  76  8:38  Protoss Shields Level 1  
  76  8:43  Carrier  
  76  8:45  Probe  
  83  8:58  Protoss Air Armor Level 2  
  83  9:04  Probe  
  83  9:07  Assimilator  
  84  9:16  Probe  
  85  9:19  Carrier  
  91  9:28  Probe  
  92  9:35  Assimilator  
  92  9:40  Probe  
  93  9:52  Probe, Mothership  
  93  10:28  Carrier x2  
  105  10:37  Probe  
  106  10:49  Probe  
  107  10:50  Pylon  
  107  10:53  Pylon  
  107  11:32  Carrier x2, Protoss Shields Level 2  
  119  11:35  Protoss Air Weapons Level 2  
  119  12:11  Probe  
  119  12:15  Probe  
  121  12:23  Probe  
  122  12:35  Nexus  
  122  12:37  Carrier x2  
  134  12:51  Stargate  
  134  12:54  Pylon  
  134  12:56  Pylon  
  134  13:02  Pylon  
  134  13:34  Pylon  
  134  13:36  Pylon  
  134  13:39  Carrier  
  134  13:41  Carrier x2  
  152  13:45  Pylon  
  152  13:48  Pylon  
  152  13:53  Assimilator  
  152  13:55  Pylon  
  152  13:58  Pylon  
  152  14:17  Protoss Air Armor Level 3  
  152  14:37  Assimilator  
  152  14:43  Carrier  
  152  14:45  Carrier x2  
  170  15:01  Nexus  
  170  15:03  Pylon  
  170  15:05  Pylon  
  170  15:08  Pylon  
  170  15:10  Assimilator  
  170  15:12  Assimilator  
  170  15:23  Flux Vanes  
  170  15:37  Robotics Facility  
  170  15:47  Carrier  
  170  15:49  Carrier x2  
  188  15:54  Stargate x2  
Show
View Real Time Build Order
Export as new Build Order

KoooT Terran - Winner!

Build Orders:  

Get SALT Encoding   

  12  0:01  SCV  
  13  0:17  SCV, Supply Depot  
  14  0:28  Refinery  
  14  0:30  SCV  
  15  0:43  Barracks  
  15  0:46  SCV  
  16  0:58  SCV  
  16  1:03  Barracks  
  17  1:12  SCV  
  18  1:29  Marine  
  19  1:33  Barracks  
  19  1:48  Factory  
  19  1:50  Marine  
  20  1:58  Barracks Reactor  
  20  2:01  SCV  
  21  2:09  Barracks Tech Lab  
  21  2:25  Barracks Tech Lab  
  21  2:27  Marine  
  22  2:32  SCV, Supply Depot  
  22  2:36  Factory Reactor  
  23  2:43  Supply Depot  
  23  2:53  Marine x2  
  23  2:56  SCV  
  26  3:08  Orbital Command  
  26  3:11  Marine  
  26  3:12  Combat Shield  
  27  3:35  SCV, Engineering Bay  
  27  3:37  Engineering Bay  
  28  3:44  Marine  
  29  3:58  SCV  
  29  4:02  Command Center  
  30  4:07  Missile Turret  
  30  4:10  SCV  
  30  4:11  Marine  
  32  4:24  Supply Depot  
  32  4:31  Stimpack  
  32  4:38  Starport  
  32  4:40  Marine x2  
  34  4:46  SCV  
  34  4:50  Refinery  
  35  4:55  Marine  
  35  4:58  SCV  
  37  5:08  Terran Infantry Weapons Level 1  
  37  5:12  Marine x2  
  39  5:18  SCV x2  
  41  5:27  Starport Reactor  
  41  5:30  SCV  
  41  5:34  SCV  
  43  5:42  SCV, Siege Tank  
  47  5:45  Marine x2  
  47  5:46  SCV  
  50  5:50  Marine  
  50  5:54  SCV  
  50  5:56  Refinery  
  52  5:58  SCV  
  52  6:01  Marine  
  52  6:03  Marine  
  55  6:04  Medivac  
  55  6:08  SCV  
  55  6:10  SCV  
  59  6:18  Supply Depot  
  59  6:22  SCV x2  
  61  6:28  Missile Turret  
  61  6:31  Marine  
  62  6:37  SCV, Marine x3  
  62  6:38  Supply Depot  
  66  6:42  Marine  
  66  6:43  Supply Depot  
  66  6:44  Siege Tank  
  70  6:48  Medivac  
  70  6:49  Medivac  
  70  6:50  Marine  
  70  6:53  SCV  
  76  6:55  Marine x2  
  78  7:02  Marine  
  78  7:03  Marine  
  78  7:04  Terran Infantry Armor Level 1  
  78  7:08  SCV, Marine  
  82  7:12  Refinery, Orbital Command  
  82  7:13  Marine  
  83  7:18  Marine  
  83  7:20  SCV  
  85  7:29  Marine x3  
  87  7:33  Liberator  
  91  7:46  Marine x2  
  91  7:47  Marine  
  94  7:54  Supply Depot  
  94  7:56  Supply Depot  
  94  7:57  SCV x2  
  96  7:59  Supply Depot  
  96  8:00  Marine x2  
  96  8:01  Siege Tank  
  101  8:09  SCV  
  102  8:21  Command Center  
  102  8:34  Marine x3  
  102  8:36  SCV x2  
  107  8:42  Supply Depot  
  108  8:48  SCV  
  108  8:50  Armory  
  105  8:55  Armory  
  105  8:59  Armory  
  105  9:05  Supply Depot  
  105  9:10  SCV x2  
  105  9:11  Marine x4  
  105  9:16  Marine  
  112  9:18  Siege Tank  
  112  9:22  SCV  
  116  9:24  SCV  
  116  9:28  Marine  
  116  9:29  Marine  
  108  9:34  SCV  
  101  9:40  Marine  
  101  9:41  Marine x2  
  104  9:46  Marine x2  
  102  9:53  SCV x3  
  102  9:54  Siege Tank  
  102  9:58  Marine  
  109  10:05  SCV x3  
  105  10:09  Marine  
  105  10:10  Marine x3  
  100  10:16  Marine  
  100  10:20  Terran Infantry Armor Level 2, Terran Infantry Weapons Level 2  
  101  10:21  Terran Vehicle Weapons Level 1  
  101  10:22  Terran Ship Weapons Level 1, Terran Vehicle And Ship Armor Level 1  
  101  10:26  SCV x2  
  102  10:33  Marine x2  
  104  10:45  Factory  
  104  10:47  Orbital Command  
  104  10:48  Factory  
  104  10:51  Factory  
  104  10:52  SCV  
  104  10:53  Missile Turret  
  104  10:54  Missile Turret  
  104  10:55  Marine x3  
  104  10:56  Missile Turret  
  108  11:04  Marine  
  108  11:05  Marine  
  110  11:12  Medivac x2  
  110  11:13  Marine  
  110  11:16  Marine x2  
  117  11:19  SCV x3  
  117  11:24  Refinery  
  117  11:25  Refinery  
  120  11:29  Missile Turret  
  120  11:31  SCV x3  
  123  11:34  Marine x2  
  123  11:35  Marine x3  
  123  11:36  Factory Tech Lab x2  
  123  11:37  Factory Tech Lab  
  128  11:43  SCV  
  129  11:49  Thor  
  129  11:50  Missile Turret  
  129  11:52  SCV x2, Marine x3  
  140  11:55  SCV  
  140  11:59  Marine x2  
  143  12:07  Barracks  
  143  12:10  Marine x3, Barracks  
  143  12:13  Thor  
  152  12:18  Marauder  
  154  12:23  Supply Depot  
  154  12:25  Supply Depot  
  154  12:29  Thor  
  160  12:38  Marine x4  
  160  12:43  SCV  
  165  12:44  Thor  
  165  12:45  SCV  
  165  12:47  Supply Depot, Thor  
  178  12:56  Barracks  
  176  13:00  Command Center  
  176  13:01  Terran Infantry Weapons Level 3, Terran Infantry Armor Level 3  
  173  13:07  Missile Turret, Barracks Tech Lab  
  173  13:08  Missile Turret x2  
  173  13:10  Refinery  
  173  13:11  Refinery  
  173  13:12  Missile Turret  
  173  13:13  Marine x4  
  173  13:14  Marine  
  173  13:16  Barracks Reactor  
  178  13:31  Marine x2  
  177  13:35  SCV x3  
  177  13:36  Marine x4  
  184  13:47  SCV  
  185  13:49  Marine x2  
  185  13:54  Marine x5  
  185  13:55  Marine  
  181  14:01  Siege Tank x2  
  181  14:02  Siege Tank x2  
  181  14:03  Medivac x2  
  181  14:06  Marine  
  181  14:07  Marine  
  187  14:12  Marine x2  
  170  14:17  Marine  
  170  14:18  Marine x3  
  164  14:24  Marine x2  
  164  14:30  Marine x2  
  168  14:34  SCV x4  
  168  14:35  Marine x2  
  168  14:36  Marine x2  
  176  14:45  Marine x2  
  178  14:46  SCV x3  
  178  14:47  Marine x2  
  178  14:48  Siege Tank x2  
  178  14:49  Thor  
  195  14:53  Marine  
  195  14:54  Marauder x2  
  190  15:15  Marauder  
  190  15:16  Marine  
  190  15:17  Marine x6  
  186  15:42  Marine x6  
  188  15:43  Marine x2  
  174  16:00  Marine x7  
  174  16:01  Marine  
  179  16:17  Marine  
  179  16:18  Marine x6  
  186  16:30  Marine  
  187  16:35  Marine x2  
  187  16:36  Marine x3  
Show
View Real Time Build Order
Export as new Build Order

TATORREA Protoss 

Build Orders:  

Get SALT Encoding   

  12  0:01  Probe  
  13  0:13  Probe  
  14  0:25  Probe  
  14  0:26  Pylon  
  15  0:44  Probe  
  15  0:45  Gateway  
  16  0:56  Probe  
  17  1:08  Probe  
  17  1:10  Assimilator  
  18  1:21  Probe  
  19  1:31  Pylon  
  19  1:33  Probe  
  19  1:38  Cybernetics Core  
  20  1:45  Probe  
  21  2:08  Probe  
  22  2:15  Nexus  
  22  2:20  Probe, Assimilator  
  22  2:22  Gateway  
  23  2:32  Probe  
  23  2:36  Warp Gate  
  25  2:44  Probe  
  25  2:46  Stalker  
  27  2:56  Probe  
  28  3:06  Robotics Facility  
  28  3:08  Probe  
  29  3:16  Stalker  
  31  3:26  Probe, Stalker  
  34  3:32  Probe  
  35  3:52  Probe, Pylon  
  35  3:53  Probe  
  37  3:56  Pylon  
  37  3:58  Sentry  
  39  4:03  Observer  
  39  4:05  Probe x2  
  43  4:17  Probe x2  
  44  4:25  Immortal  
  48  4:34  Stalker x2  
  52  4:48  Probe x2  
  54  4:58  Stalker  
  54  4:59  Stalker, Assimilator  
  58  5:02  Assimilator  
  58  5:09  Gateway  
  58  5:11  Probe x2  
  58  5:12  Pylon  
  59  5:15  Pylon  
  59  5:18  Pylon  
  59  5:19  Pylon  
  59  5:23  Probe  
  59  5:24  Probe  
  58  5:57  Stalker  
  58  5:58  Stalker  
  62  6:08  Pylon  
  62  6:10  Pylon  
  62  6:14  Pylon  
  62  6:20  Probe x2, Pylon  
  62  6:22  Forge  
  62  6:25  Forge  
  64  6:26  Forge  
  64  6:32  Probe x2  
  66  6:44  Probe x2  
  66  6:46  Stalker  
  66  6:47  Stalker x2  
  74  6:57  Probe x2  
  76  7:03  Protoss Ground Armor Level 1, Nexus, Protoss Ground Weapons Level 1  
  76  7:04  Protoss Shields Level 1  
  76  7:06  Pylon  
  76  7:09  Pylon  
  76  7:14  Stalker x2  
  76  7:15  Stalker  
  82  7:18  Probe  
  82  7:19  Probe  
  84  7:30  Probe  
  84  7:31  Probe  
  84  7:35  Twilight Council  
  86  7:42  Probe  
  86  7:43  Probe  
  88  7:55  Probe x2  
  90  7:58  Gateway  
  90  8:01  Gateway  
  90  8:04  Gateway  
  90  8:07  Probe x2  
  90  8:10  Immortal, Blink  
  96  8:19  Probe x2  
  98  8:26  Stalker  
  100  8:33  Probe x3  
  103  8:45  Probe x3  
  106  8:54  Protoss Ground Armor Level 2  
  106  8:57  Protoss Ground Weapons Level 2  
  106  9:04  Protoss Shields Level 2  
  106  9:07  Stalker x5  
  106  9:09  Nexus  
  116  9:10  Stalker  
  116  9:11  Pylon x2  
  118  9:35  Stalker x2  
  118  9:36  Stalker x2  
  83  10:27  Stalker  
  83  10:28  Stalker x4  
  69  10:29  Stalker  
  75  10:46  Stargate  
  75  10:48  Gateway  
  75  10:53  Gateway  
  75  10:54  Gateway  
  76  10:57  Probe x3, Gateway  
  76  10:59  Gateway  
  76  11:02  Gateway  
  76  11:03  Gateway  
  78  11:05  Probe  
  78  11:09  Probe x3  
  82  11:12  Assimilator  
  82  11:14  Assimilator  
  82  11:17  Probe  
  83  11:20  Protoss Ground Armor Level 3  
  83  11:21  Probe, Stalker x2  
  83  11:22  Stalker x4  
  83  11:25  Protoss Ground Weapons Level 3  
  96  11:26  Assimilator x2  
  96  11:28  Protoss Shields Level 3  
  96  11:45  Stalker  
  96  11:46  Stalker x3  
  104  11:47  Stalker x2  
  104  11:49  Stalker  
  110  11:56  Probe x4  
  114  12:08  Probe x3  
  111  12:10  Stalker  
  111  12:11  Stalker x4  
  65  12:38  Stalker x2  
  65  12:39  Stalker x4  
  74  13:12  Probe, Nexus  
  75  13:13  Probe x2, Pylon  
  75  13:15  Pylon  
  75  13:19  Pylon  
  77  13:23  Pylon  
  77  13:25  Probe x3  
  80  13:27  Pylon  
  80  13:29  Pylon  
  80  13:34  Stalker x3, Pylon  
  82  13:35  Stalker x4  
  82  13:36  Stalker x2  
  82  13:37  Probe x3, Stalker x3  
  82  13:38  Stalker  
  109  13:49  Probe  
  109  13:54  Probe x2  
  112  14:01  Probe  
  113  14:08  Gateway  
  113  14:13  Gateway x2  
  113  14:15  Stalker  
  113  14:16  Stalker  
  117  14:17  Gateway  
  117  14:18  Gateway  
  117  14:19  Gateway  
  117  14:34  Stalker  
  117  14:35  Stalker x4  
  117  14:36  Stalker  
  129  14:39  Probe x3  
  129  14:41  Probe  
  133  14:51  Probe x2  
  133  14:52  Probe  
  132  15:03  Stalker x3  
  132  15:04  Stalker x3  
  144  15:20  Assimilator  
  144  15:25  Assimilator  
  144  15:26  Probe x2  
  144  15:27  Probe x2  
  148  15:30  Stalker x3  
  148  15:31  Stalker x3  
  148  15:32  Stalker  
Show
View Real Time Build Order
Export as new Build Order

MrFercho Zerg 

Build Orders: Hatch First, Lurkers 

Get SALT Encoding   

  12  0:01  Drone  
  13  0:13  Overlord  
  13  0:17  Drone  
  14  0:32  Drone x2  
  16  0:38  Drone  
  17  1:00  Hatchery  
  16  1:09  Spawning Pool  
  16  1:10  Drone  
  16  1:13  Drone  
  16  1:18  Drone  
  18  1:21  Drone  
  19  1:34  Drone, Extractor  
  19  1:45  Drone  
  20  1:53  Drone  
  21  2:05  Overlord  
  21  2:12  Queen  
  21  2:14  Zergling x2  
  24  2:16  Drone  
  24  2:19  Queen  
  27  2:23  Drone  
  27  2:27  Zergling x2  
  29  3:05  Queen  
  31  3:08  Lair  
  31  3:10  Drone x5  
  31  3:12  Overlord  
  36  3:30  Overlord x2  
  36  3:31  Drone  
  36  3:32  Drone x3  
  40  3:39  Drone x3  
  40  3:40  Drone  
  44  3:48  Drone  
  45  4:05  Hatchery  
  45  4:08  Drone x7  
  51  4:13  Extractor  
  50  4:22  Drone x4  
  54  4:33  Spore Crawler  
  53  4:48  Evolution Chamber  
  53  4:52  Hydralisk Den  
  51  5:00  Roach Warren  
  51  5:02  Drone x3, Extractor  
  51  5:03  Drone x2  
  51  5:04  Drone x3  
  57  5:24  Drone x4  
  57  5:25  Drone  
  62  5:30  Extractor  
  62  5:31  Extractor  
  60  5:45  Zerg Missile Weapons Level 1  
  58  5:50  Evolution Chamber  
  58  5:53  Roach  
  58  5:54  Roach x4  
  58  5:55  Overlord, Roach x2  
  55  6:05  Drone  
  55  6:10  Queen  
  58  6:16  Drone x6  
  64  6:27  Spore Crawler  
  64  6:28  Spine Crawler x2  
  64  6:30  Spine Crawler x2  
  59  6:32  Extractor  
  59  6:33  Drone x3  
  59  6:38  Grooved Spines  
  61  6:40  Zerg Ground Armor Level 1  
  61  6:42  Glial Reconstitution  
  61  6:45  Drone  
  62  6:52  Hatchery  
  61  6:54  Hatchery  
  61  6:58  Drone x5  
  65  7:06  Drone  
  66  7:09  Overlord  
  66  7:23  Drone x4  
  66  7:24  Spire  
  66  7:29  Infestation Pit  
  68  7:33  Pneumatized Carapace  
  68  7:34  Hydralisk  
  68  7:35  Hydralisk  
  72  7:47  Spore Crawler  
  72  7:50  Muscular Augments  
  71  8:09  Hydralisk x10  
  71  8:11  Queen  
  93  8:21  Drone  
  93  8:22  Overlord x3  
  94  8:38  Zerg Flyer Weapons Level 1  
  94  8:40  Mutalisk x4, Queen x2  
  106  8:42  Mutalisk  
  106  8:48  Zerg Missile Weapons Level 2  
  107  8:59  Drone x6  
  112  9:21  Hydralisk  
  112  9:22  Hydralisk  
  116  9:24  Overlord x4  
  110  9:41  Zerg Ground Armor Level 2  
  110  9:44  Hydralisk x4  
  104  9:47  Hydralisk  
  104  9:48  Hydralisk  
  81  9:55  Mutalisk x2  
  83  10:15  Hydralisk x6  
  83  10:16  Hydralisk  
  83  10:20  Drone x2  
  99  10:24  Drone x3  
  102  10:38  Hive  
  102  10:40  Lurker Den  
  102  10:41  Hydralisk x2  
  105  10:57  Mutalisk x3  
  111  11:07  Drone x3  
  111  11:09  Mutalisk x2  
  118  11:18  Hatchery  
  118  11:23  Zerg Flyer Weapons Level 2  
  117  11:32  Hydralisk x7  
  117  11:36  Overlord  
  132  11:40  Lurker x2  
  132  11:46  Lurker  
  134  12:00  Lurker x2  
  121  13:30  Hydralisk x4  
  121  13:31  Hydralisk x17  
  153  13:55  Seismic Spines  
  117  14:13  Hydralisk  
  117  14:14  Hydralisk x13  
  117  14:15  Hydralisk  
  147  14:31  Mutalisk x2  
  145  14:52  Adaptive Talons  
  129  15:12  Lurker x3  
  129  15:13  Lurker x3  
  131  15:17  Mutalisk  
  131  15:19  Drone  
  131  15:21  Zergling x22  
  137  15:22  Zergling x38  
  137  15:23  Overlord x2  
  137  15:24  Overlord x8  
  137  15:25  Extractor  
  161  15:29  Extractor  
  156  15:40  Hydralisk x4  
  156  15:41  Hydralisk x3  
  166  15:44  Zergling x2  
  166  15:45  Zergling x14  
  160  15:58  Overseer x4  
  160  15:59  Overseer x4  
  159  16:17  Mutalisk  
  159  16:18  Mutalisk x4  
  110  16:26  Hydralisk x3  
  114  16:37  Overseer  
  114  16:38  Overseer  
Show
View Real Time Build Order
Export as new Build Order

tigro Terran 

Build Orders:  

Get SALT Encoding   

  12  0:07  SCV  
  13  0:19  SCV  
  14  0:30  Supply Depot  
  14  0:31  SCV  
  15  0:40  Refinery  
  15  0:51  SCV  
  16  1:02  Barracks  
  16  1:04  SCV  
  17  1:16  SCV  
  18  1:29  SCV  
  19  1:36  Supply Depot  
  19  1:37  Refinery  
  19  1:41  SCV  
  20  1:49  Marine  
  20  1:50  Barracks  
  20  1:53  SCV  
  22  2:06  Marine  
  22  2:07  SCV  
  24  2:19  SCV  
  24  2:22  Engineering Bay  
  25  2:24  Marine  
  26  2:40  Orbital Command  
  26  2:42  Marine  
  26  2:43  Barracks Reactor  
  27  2:52  Factory  
  27  3:00  Marine  
  28  3:07  Terran Infantry Weapons Level 1  
  28  3:26  Barracks Tech Lab  
  28  3:30  Marine  
  28  3:31  Marine  
  30  3:44  Factory Tech Lab  
  30  3:48  Marine x2  
  30  3:54  Starport  
  32  4:06  Marine x2  
  34  4:24  Marine x2  
  34  4:27  Siege Tank  
  39  4:32  Starport  
  39  4:59  Medivac  
  41  5:01  Terran Infantry Armor Level 1  
  41  5:12  Combat Shield  
  41  5:20  Starport Tech Lab  
  41  5:56  Command Center  
  41  6:24  Missile Turret  
  41  6:46  Missile Turret  
  41  6:55  Hi-Sec Auto Tracking  
  41  7:07  Missile Turret  
  41  7:10  Refinery  
  41  7:13  Fusion Core  
  41  7:23  SCV  
  41  7:27  Missile Turret  
  42  7:36  SCV  
  43  7:44  Marine x3  
  43  7:48  SCV  
  43  7:50  Siege Tank  
  50  7:52  Neosteel Armor  
  50  7:55  Missile Turret  
  50  8:00  SCV  
  50  8:01  Armory  
  50  8:02  Marine x3  
  54  8:07  Supply Depot  
  54  8:11  Starport Tech Lab  
  54  8:12  SCV  
  55  8:13  Medivac  
  55  8:16  Missile Turret  
  55  8:17  Weapon Refit  
  57  8:20  Marine x3  
  60  8:28  Refinery  
  60  8:30  Supply Depot  
  60  8:32  Stimpack  
  60  8:37  Missile Turret  
  60  8:38  Marine x3  
  63  8:47  SCV  
  64  8:54  Supply Depot  
  64  8:56  Marine  
  64  8:59  SCV  
  66  9:06  Missile Turret  
  66  9:11  SCV  
  66  9:12  Medivac  
  66  9:13  Battlecruiser  
  75  9:24  SCV  
  76  9:29  Missile Turret  
  71  9:36  SCV  
  45  9:47  Marine x3  
  45  9:48  SCV  
  49  9:53  Medivac  
  51  10:00  SCV  
  51  10:05  Marine x3  
  55  10:23  Marine x3  
  58  10:41  Marine x2  
  60  11:16  Missile Turret  
  60  11:26  Marine  
  60  11:27  Marine x2  
  60  11:30  Battlecruiser x2  
  75  11:35  Terran Infantry Weapons Level 2  
  75  11:37  Terran Vehicle Weapons Level 1, Missile Turret  
  75  11:44  Marine x3  
  78  12:02  Missile Turret, Marine x3  
  75  12:20  Marine x3  
  75  12:22  Missile Turret  
  75  12:34  Battlecruiser  
  76  12:38  Marine x3  
  76  12:43  Missile Turret  
  62  12:55  Marine  
  62  12:56  Marine x2  
  65  13:02  Missile Turret  
  62  13:13  Marine  
  62  13:14  Marine x2  
  62  13:15  Medivac  
  67  13:25  Missile Turret  
  67  13:31  Marine x3  
  67  13:32  Terran Vehicle And Ship Armor Level 1  
  67  13:33  Planetary Fortress  
  52  13:38  Medivac  
  51  13:45  Battlecruiser  
  51  13:46  Missile Turret  
  55  13:49  Marine x3  
  55  13:50  Terran Infantry Armor Level 2  
  44  14:07  Marine x3  
  44  14:08  Battlecruiser  
  38  14:25  Marine x3  
  41  14:32  Siege Tank  
  44  14:43  Marine  
  45  14:50  Battlecruiser  
  45  14:52  Marine x2  
  53  15:00  Marine  
  53  15:04  Siege Tank  
  49  15:10  Marine x2  
  51  15:18  Marine  
  49  15:28  Marine x2  
  45  15:36  Siege Tank  
  35  16:09  Siege Tank  
  35  16:10  Marine x3  
  39  16:27  Command Center  
  39  16:28  Marine x3  
Tags
 
Add a new tag
Caveats
  • Supply blocks, unpowered buildings, or Contaminate may cause inaccurate times.
  • Supply counts are checked every 10 seconds.